 Dungeon Crawl Stone Soup version 0.28.0-45-g0d030f2227 (webtiles) character file.

Game seed: 15311611170113017734

2596 101zpm the Thaumaturge (level 9, -1/57 HPs)
             Began as a Djinni Ice Elementalist on Apr 11, 2022.
             Shot with an arrow by a centaur (4 damage)
             ... on level 8 of the Dungeon.
             The game lasted 00:34:15 (9369 turns).

101zpm the Thaumaturge (Djinni Ice Elementalist)    Turns: 9369, Time: 00:34:17

Health: -1/57      AC: 15    Str:  7    XL:     9   Next: 89%
Gold:   417        EV: 10    Int: 21    God:
                   SH:  0    Dex: 14

rFire   + + +      SeeInvis .   u - +9 mace "Soawn" {vorpal, Will+}
rCold   x . .      Faith    .   (no shield)
rNeg    . . .      Spirit   .   n - +5 ring mail "Memmiyg" {rF+}
rPois   ∞          Reflect  .   (no helmet)
rElec   .          Harm     .   x - +0 cloak
rCorr   .          Rampage  .   (no gloves)
Will    +....                   (boots unavailable)
Stlth   +.........              (no amulet)
HPRegen 0.19/turn               g - +4 ring of protection
MPRegen 0.00/turn               (no ring)

@: freezing walls, flying
A: sickness immunity, fire resistance 2, cold vulnerability 1, float, innate
caster, HP casting, extra vitality 1
a: no special abilities


You were on level 8 of the Dungeon.
You visited 1 branch of the dungeon, and saw 8 of its levels.

You collected 417 gold pieces.

Inventory:

Hand Weapons
 m - a +2 flail of protection
 u - the +9 mace "Soawn" (weapon) {vorpal, Will+}
   (You found it on level 3 of the Dungeon)

   It inflicts extra damage upon your enemies.
   Will:      It increases your willpower.
Missiles
 b - 245 stones
 r - 18 poisoned darts
 F - 14 sling bullets
 K - 4 boomerangs
Armour
 a - a +0 robe
 n - the +5 ring mail "Memmiyg" (worn) {rF+}
   (You found it on level 2 of the Dungeon)

   rF:        It protects you from fire.
 x - a +0 cloak (worn)
 E - a +1 scale mail of positive energy
Magical Staves
 i - a staff of fire
Jewellery
 g - a +4 ring of protection (left hand)
 v - a ring of fire
 I - a +4 ring of slaying
 J - a ring of willpower
Wands
 j - a wand of iceblast (20)
 t - a wand of digging (5)
Scrolls
 c - 4 scrolls of teleportation
 e - a scroll of enchant armour {unknown}
 f - 4 scrolls of summoning {unknown}
 k - 3 scrolls of blinking {unknown}
 l - a scroll of magic mapping {unknown}
 o - 3 scrolls of enchant weapon {unknown}
 w - 2 scrolls of vulnerability {unknown}
 y - a scroll of fog {unknown}
 B - 3 scrolls of immolation {unknown}
 C - a scroll of fear {unknown}
 D - 3 scrolls of identify {unknown}
Potions
 d - 4 potions of heal wounds {unknown}
 h - 2 potions of brilliance {unknown}
 p - a potion of haste {unknown}
 q - 2 potions of curing {unknown}
 s - a potion of attraction {unknown}
 z - a potion of might {unknown}
 A - a potion of mutation {unknown}
 G - a potion of lignification {unknown}
 H - 2 potions of resistance {unknown}


   Skills:
 + Level 1.0 Fighting
 + Level 3.2 Armour
 + Level 3.5 Dodging
 + Level 2.5 Stealth
 + Level 9.5 Spellcasting
 + Level 1.7 Evocations


You had 6 spell levels left.
You knew the following spells:

 Your Spells              Type           Power      Damage    Failure   Level
a - Freeze                Ice            100%       1d11      1%          1
b - Frozen Ramparts       Ice            100%       1d12      1%          3
c - Ozocubu's Armour      Ice            50%        N/A       1%          3
d - Hailstorm             Conj/Ice       50%        3d11      4%          4
e - Shock                 Conj/Air       100%       1d9       1%          1
f - Scorch                Fire           100%       2d10      1%          2
g - Stone Arrow           Conj/Erth      100%       3d13      1%          3
h - Animate Armour        Summ/Erth      100%       N/A       4%          4
Your spell library was empty.

Dungeon Overview and Level Annotations

Branches:
Dungeon (8/15)             Temple (0/1) D:4
   Lair: D:8-11

Altars:


Innate Abilities, Weirdness & Mutations

You are immune to sickness and miasma.
You are immune to poison.
Your flesh is very heat resistant. (rF++)
You are vulnerable to cold. (rC-)
You float through the air rather than walking.
You learn spells naturally, not from books.
Your magical power is your life essence.
You have superior vitality. (+4 MHP)


Message History

The bullfrog hits your animated ring mail.
Your animated ring mail hits the bullfrog!
Your animated ring mail barely misses the bullfrog.
The wyvern zombie moves out of view.
Aiming: Shock (safe; 1% risk of failure)
Press: ? - help, Q - select action, (/) - cycle Shift-Dir - straight line, f/p - centaur
Aim: a centaur, wielding a +0 shortbow and quivering arrows (moderately wounded, 84% to hit)
Okay, then.
The frozen ramparts melt away.
The centaur unwields a +0 shortbow.
The centaur hits your animated ring mail but does no damage.
The centaur barely misses your animated ring mail.
The bullfrog hits your animated ring mail but does no damage.
A centaur comes into view.
The centaur wields a +0 shortbow.
The centaur shoots an arrow.
The arrow hits your animated ring mail!
Your animated ring mail hits the bullfrog.
The bullfrog dies!
Casting: Shock (safe; 1% risk of failure)
Confirm with . or Enter, or press ? or * to list all spells.
Casting: Frozen Ramparts (safe; 1% risk of failure)
Press: ? - help, Dir - look around, f - activate The walls around you are covered in ice.
The centaur wields a +0 shortbow.
The centaur shoots an arrow.
The arrow hits you!
The centaur shoots an arrow.
The arrow hits your animated ring mail.
Your animated ring mail hits the centaur.
Your animated ring mail completely misses the centaur.
Aiming: Shock (safe; 1% risk of failure)
Press: ? - help, Q - select action, (/) - cycle Shift-Dir - straight line, f - centaur
Aim: a centaur, wielding a +0 shortbow and quivering arrows (84% to hit)
The zap hits the centaur.
The centaur is lightly wounded.
The centaur shoots an arrow.
The arrow hits you!
* * * LOW HITPOINT WARNING * * *
The centaur shoots an arrow.
The arrow barely misses your animated ring mail.
The arrow hits you!
* * * LOW HITPOINT WARNING * * *
The centaur shoots an arrow.
The arrow hits you.
You die...

..#.............................#
#....................c.....=.....
#................................
.........#.......................
...................).............
................#..).............
..............cZ#...............
..............?[#).............
..#...#... #....@.##...>....?.
#......##.........
.$.......##........ .....#..##
....... .(....... (...# ###......
....$.# #...####


You could see 2 centaurs, a wyvern zombie and a friendly animated ring mail
(summoned).

Vanquished Creatures
  A wyvern (D:8)
  A steam dragon (D:7)
  Edmund (D:6)
  An ice beast (D:6)
  A black bear (D:7)
  2 necrophages
  2 ogres
  3 centaurs
  2 kobold brigands (D:7)
  2 scorpions
  4 killer bees (D:7)
  2 howler monkeys (D:8)
  A centaur zombie (D:7)
  2 centaur skeletons
  2 hounds
  3 jellies
  2 orc priests
  A bullfrog skeleton (D:4)
  A gnoll shaman (D:7)
  3 iguanas
  3 orc wizards
  A killer bee zombie (D:7)
  A howler monkey zombie (D:5)
  9 gnolls
  4 adders
  2 shadow imps
  An adder skeleton (D:4)
  3 worms
  A dart slug (D:3)
  14 orcs
  5 ball pythons
  5 endoplasms
  8 goblins
  6 hobgoblins
  3 jackals (D:3)
  3 quokkas
  6 bats
  3 frilled lizards
  12 kobolds
  5 rats
132 creatures vanquished.

Vanquished Creatures (collateral kills)
  An orc warrior (D:8)
  A bullfrog (D:8)
  An orc wizard (D:8)
  2 orcs (D:8)
5 creatures vanquished.

Grand Total: 137 creatures vanquished

Notes
Turn   | Place    | Note
-------+----------+-------------------------------------------
     0 | D:1      | 101zpm the Djinni Ice Elementalist began the quest for the
                  | Orb.
     0 | D:1      | Reached XP level 1. HP: 15/15 MP: 0/0
   587 | D:3      | Reached XP level 2. HP: 20/21 MP: 0/0
   842 | D:5      | Entered Level 5 of the Dungeon
   862 | D:4      | Reached XP level 3. HP: 6/25 MP: 0/0
   862 | D:4      | Learned a level 1 spell: Shock
  1103 | D:5      | Noticed an ogre
  1114 | D:6      | Reached skill level 4 in Spellcasting
  1114 | D:6      | Reached XP level 4. HP: 31/31 MP: 0/0
  1123 | D:6      | Reached XP level 5. HP: 26/35 MP: 0/0
  1123 | D:6      | Learned a level 2 spell: Scorch
  1303 | D:5      | Killed an ogre
  1304 | D:5      | Reached skill level 5 in Spellcasting
  1304 | D:5      | Reached skill level 1 in Evocations
  1304 | D:5      | Reached XP level 6. HP: 37/41 MP: 0/0
  2152 | D:4      | Reached XP level 7. HP: 39/46 MP: 0/0
  2152 | D:4      | Learned a level 3 spell: Stone Arrow
  2343 | D:4      | Found a staircase to the Ecumenical Temple.
  3098 | D:3      | Reached skill level 6 in Spellcasting
  3838 | D:2      | Identified the +5 ring mail "Memmiyg" {rF+}
  4494 | D:1      | Found a faded altar of an unknown god.
  5062 | D:3      | Identified the +9 mace "Soawn" {vorpal, Will+}
  5860 | D:6      | Reached XP level 8. HP: 47/51 MP: 0/0
  5929 | D:6      | Reached skill level 1 in Armour
  6121 | D:6      | Noticed Edmund
  6133 | D:6      | Reached skill level 1 in Fighting
  6133 | D:6      | Killed Edmund
  6134 | D:6      | Reached skill level 7 in Spellcasting
  7463 | D:7      | Reached XP level 9. HP: 52/57 MP: 0/0
  7463 | D:7      | Learned a level 4 spell: Animate Armour
  7466 | D:7      | Reached skill level 8 in Spellcasting
  8562 | D:7      | Reached skill level 9 in Spellcasting
  9369 | D:8      | Shot with an arrow by a centaur

Illustrated notes

Levels and vault maps discovered:
D:1:      dpeg_arrival_refuge, layout_rooms, dreamdust_ecumenical_altar_statues
D:2:      layout_basic, kennysheep_generic_room_12
D:3:      layout_loops_ring, grunt_ministairs_2, minivault_5
D:4:      layout_basic, minmay_temple_entry_slanted, kennysheep_cluttered_room
D:5:      layout_rooms, serial_bayou_pond_d
D:6:      layout_loops_ring, serial_park_tiny_2, uniq_edmund
D:7:      layout_basic, nicolae_benzene_ring
D:8:      layout_cave_pools, enter_bailey_2

Skill      XL: |  1  2  3  4  5  6  7  8  9 |
---------------+----------------------------+-----
Spellcasting   | 4 5 6 7 9 |  9.5
Evocations     | 1 |  1.7
Stealth        | 2 |  2.5
Dodging        | 3 |  3.5
Armour         | 3 |  3.2
Fighting       | 1 |  1.0

Action                   |  1- 3 |  4- 6 |  7- 9 || total
-------------------------+-------+-------+-------++-------
 Cast: Freeze            |    22 |     3 |    30 ||    55
       Scorch            |       |    12 |    11 ||    23
       Shock             |       |    15 |   216 ||   231
       Stone Arrow       |       |       |     9 ||     9
       Frozen Ramparts   |       |       |    31 ||    31
       Ozocubu's Armour  |       |       |     2 ||     2
       Animate Armour    |       |       |     5 ||     5
Evoke: Wand              |     6 |     4 |       ||    10
  Use: Scroll            |       |       |     1 ||     1
Armor: Robe              |     3 |       |     1 ||     4
       Ring mail         |       |       |    13 ||    13
       Skin              |       |       |     9 ||     9
Dodge: Dodged            |    19 |     2 |    34 ||    55
